 Dungeon Crawl Stone Soup version 0.30-a0-458-g86641cc369 (webtiles) character file.

Game seed: 14147485336496318990

96 cforsyth the Shield-Bearer (level 4, 0/45 HPs)
             Began as a Troll Fighter on Dec 14, 2022.
             Slain by an adder (3 damage)
             ... on level 2 of the Dungeon.
             The game lasted 00:01:41 (845 turns).

cforsyth the Shield-Bearer (Troll Fighter)           Turns: 845, Time: 00:01:41

Health: 0/45       AC:  5    Str: 24    XL:     4   Next: 41%
Magic:  3/3        EV:  8    Int:  6    God:
Gold:   105        SH:  7    Dex:  9    Spells: 3/3 levels left

rFire   . . .      SeeInvis .      - Unarmed
rCold   . . .      Faith    .    b - +0 kite shield
rNeg    . . .      Spirit   .    a - +0 robe
rPois   .          Reflect  .    (helmet restricted)
rElec   .          Harm     .    o - +0 cloak
rCorr   .          Rampage  .    (gloves unavailable)
Will    .....                    (boots unavailable)
Stlth   +.........               (no amulet)
HPRegen 1.07/turn                (no ring)
MPRegen 0.08/turn                (no ring)

@: mighty, lethally poisoned (0 -> -2)
A: large, unfitting armour, claws 3, regeneration 1, shaggy fur 1, tough skin 1
a: no special abilities


You were on level 2 of the Dungeon.
You visited 1 branch of the dungeon, and saw 2 of its levels.

You collected 105 gold pieces.

Inventory:

Armour
 a - a +0 robe (worn)
 b - a +0 kite shield (worn)
 o - a +0 cloak (worn)
Jewellery
 h - a +4 ring of protection
Wands
 k - a wand of mindburst (17)
Scrolls
 d - a scroll of torment {unknown}
 e - a scroll of enchant weapon {unknown}
 i - 2 scrolls of identify {unknown}
 j - a scroll of immolation {unknown}
 l - a scroll of amnesia {unknown}
 m - a scroll of vulnerability {unknown}
 n - a scroll of teleportation {unknown}
Potions
 f - 2 potions of curing {unknown}
 g - a potion of flight {unknown}


   Skills:
 + Level 3.0 Fighting
 + Level 3.0 Dodging
 + Level 3.3 Shields
 + Level 2.9 Unarmed Combat


You had 3 spell levels left.
You didn't know any spells.
Your spell library contained the following spells:

 Spells                   Type           Power      Damage    Failure   Level
 Sublimation of Blood     Necr           0%         N/A       87%         2
 Wereblood                Tmut           0%         N/A       87%         2
 Kindle Blastsparks       Fire/Tloc/Air  0%         2d10      98%         3
 Fulminant Prism          Conj/Hex       0%         3d5       100%        4
 Iskenderun's Mystic Bla  Conj/Tloc      0%         2d3       100%        4
 Lee's Rapid Deconstruct  Erth           0%         3d4*      100%        5
 Summon Hydra             Summ           0%         N/A       100%        7


Dungeon Overview and Level Annotations

Branches:
Dungeon (2/15)

Altars:
Elyvilon


Innate Abilities, Weirdness & Mutations

You are too large for most types of armour.
You have claws for hands.
Your natural rate of healing is unusually fast.
You are covered in fur. (AC +1)
You have tough skin. (AC +1)


Message History

You have reached level 4!
Unknown command.
Unknown command.
You claw Natasha!
Natasha is severely wounded.
You feel sick. The adder barely misses you. x2
The crimson imp completely misses you. Natasha claws you but does no damage.
The crimson imp hits you but does no damage.
You block the adder's attack.
Unknown command.
Unknown command.
You claw Natasha!
You kill Natasha!
Natasha yowls pathetically as she dies!
The crimson imp disappears in a puff of smoke! x2
You feel sick.
You are no longer poisoned.
You block the adder's attack. The adder bites you.
* * * LOW HITPOINT WARNING * * *
You are poisoned.
The adder poisons you! The adder bites you but does no damage.
Your Fighting skill increases to level 3!
Your Dodging skill increases to level 3!
Unknown command.
Unknown command.
You barely miss the adder.
You feel sick. You block the adder's attack. x2
The adder barely misses you. The adder bites you.
* * * LOW HITPOINT WARNING * * *
You are more poisoned.
The adder poisons you! The adder closely misses you.
The adder barely misses you.
Unknown command.
Unknown command.
You claw the adder!
The adder is severely wounded.
* * * LOW HITPOINT WARNING * * *
You feel very sick. The adder bites you but does no damage.
The adder barely misses you. The adder bites you.
You die...

#.........# #...## ....
#.........# #.#.. ....
#.........# #.#.#!..#
#......>..# #.#.#.#.#.#
####.........###...†.....:
.................†.>5....#
#####.............#.#####.
#..........†S.#.#
#########......S@S#.# ...#
####.........#.###########
##.###.......................<#
<......###..........###########
.......# #..........#
.......###..........#
....................#
#..........÷..).....#
#..............[###.#


You could see 3 adders.

Vanquished Creatures
  Natasha (twice) (D:2)
  An adder (D:2)
  4 bats
  2 endoplasms (D:1)
  4 giant cockroaches (D:1)
  4 goblins
  6 hobgoblins
  3 jackals (D:2)
  2 kobolds (D:1)
  2 frilled lizards (D:1)
  2 rats (D:1)
32 creatures vanquished.

Notes
Turn   | Place    | Note
-------+----------+-------------------------------------------
     0 | D:1      | cforsyth the Troll Fighter began the quest for the Orb.
     0 | D:1      | Reached XP level 1. HP: 22/22 MP: 0/0
   105 | D:1      | Reached XP level 2. HP: 29/29 MP: 1/1
   187 | D:1      | Found a faded altar of an unknown god.
   556 | D:2      | Reached XP level 3. HP: 33/36 MP: 2/2
   751 | D:2      | Noticed Natasha
   756 | D:2      | Killed Natasha
   762 | D:2      | Found a white marble altar of Elyvilon.
   818 | D:2      | Noticed Natasha
   842 | D:2      | Reached XP level 4. HP: 9/44 MP: 3/3
   843 | D:2      | Killed Natasha
   845 | D:2      | Slain by an adder

Illustrated notes

Levels and vault maps discovered:
D:1:      dpeg_arrival_rooms_with_view, layout_rooms,
          dreamdust_ecumenical_altar_grove, minmay_splitting_lines,
          minmay_worlds_worst_comb
D:2:      layout_basic, basic_altar, minivault_26, minmay_octomino_e4,
          uniq_natasha

Skill      XL: |  1  2  3  4 |
---------------+-------------+-----
Shields        | 3 |  3.3
Fighting       | 3 |  3.0
Dodging        | 3 |  3.0
Unarmed Combat | |  2.9

Action                   |  1- 3 |  4- 6 || total
-------------------------+-------+-------++-------
Melee: Unarmed           |   114 |     4 ||   118
  Use: Potion            |     1 |       ||     1
Armor: Robe              |    49 |     4 ||    53
Dodge: Dodged            |    42 |     7 ||    49
Block: Kite shield       |    55 |     4 ||    59

Table legend: (Time is in decaauts)
 A = Elapsed time spent in this place.
 B = Non-inter-level travel time spent in this place.
 C = Inter-level travel time spent in this place.
 D = Time resting spent in this place.
 E = Time spent auto-exploring this place.
 F = Levels seen in this place.
 G = Mean time per level.
                   A        B        C        D        E       F      G
               +--------+--------+--------+--------+--------+-----+--------+
         Total |    854 |    842 |     12 |      0 |    597 |   2 |  427.0 |
       Dungeon |    854 |    842 |     12 |      0 |    597 |   2 |  427.0 |
               +--------+--------+--------+--------+--------+-----+--------+

Top non-repeatable levels by time:
     D:1: 522 daAuts
     D:2: 332 daAuts
